 Dungeon Crawl Stone Soup version 0.30-a0-1114-gd936c97349 (webtiles) character file.

Game seed: 1220164731736525195

389 omnomnOMINOUS the Conjurer (level 6, -4/41 HPs)
             Began as an Octopode Wanderer on Apr 19, 2023.
             Killed from afar by a steam dragon (11 damage)
             ... with a ball of steam
             ... on level 5 of the Dungeon on Apr 20, 2023.
             The game lasted 00:09:07 (4221 turns).

omnomnOMINOUS the Conjurer (Octopode Wanderer)      Turns: 4221, Time: 00:09:08

Health: -4/41      AC:  1    Str:  9    XL:     6   Next: 79%
Magic:  10/10      EV: 13    Int: 18    God:
Gold:   204        SH:  0    Dex: 12    Spells: 7/10 levels left

rFire   . . .      SeeInvis .    a - +1 whip (venom)
rCold   . . .      Faith    .    (no shield)
rNeg    . . .      Spirit   .    k - +0 hat
rPois   .          Reflect  .    (no amulet)
rElec   .          Rampage  .    (no ring)
rCorr   .                        (no ring)
Will    .....                    (no ring)
Stlth   ++                       (no ring)
HPRegen 0.26/turn                (no ring)
MPRegen 0.12/turn                (no ring)
                                 (no ring)
                                 (no ring)

@: confused, ambrosia-drunk
A: almost no armour, amphibious, 8 rings, camouflage 1, gelatinous body 1,
(nimble swimmer 1), tentacles
a: no special abilities


You were on level 5 of the Dungeon.
You visited 1 branch of the dungeon, and saw 5 of its levels.

You collected 204 gold pieces.

Inventory:

Hand Weapons
 a - a +1 whip of venom (weapon)
 b - a +2 hand axe of flaming
Missiles
 p - 11 poisoned darts
Armour
 k - a +0 hat (worn)
Wands
 s - a wand of iceblast (10)
Scrolls
 c - a scroll of noise {unknown}
 e - 2 scrolls of blinking {unknown}
 f - 2 scrolls of enchant weapon {unknown}
 g - a scroll of enchant armour {unknown}
 h - 2 scrolls of magic mapping {unknown}
 i - 3 scrolls of identify {unknown}
 j - 2 scrolls of teleportation {unknown}
 l - a scroll of fear {unknown}
 n - a scroll of fog {unknown}
 u - a scroll of brand weapon {unknown}
Potions
 o - a potion of haste
 t - a potion of curing {unknown}
 v - a potion of brilliance {unknown}


   Skills:
 + Level 2.6 Fighting
 - Level 2.0 Throwing
 + Level 2.8 Dodging
 - Level 1.3 Stealth
 + Level 2.7 Spellcasting
 - Level 5.0 Conjurations
 * Level 4.2 Earth Magic


You had 7 spell levels left.
You knew the following spells:

 Your Spells              Type           Power      Damage    Failure   Level
a - Stone Arrow           Conj/Erth      38%        3d9       8%          3

Your spell library contained the following spells:

 Spells                   Type           Power      Damage    Failure   Level
 Sandblast                Erth           34%        2d9       3%          1
 Searing Ray              Conj           40%        2d5       3%          2
 Shock                    Conj/Air       44%        1d5       6%          1
 Iskenderun's Mystic Bla  Conj/Tloc      11%        2d4       52%         4


Dungeon Overview and Level Annotations

Branches:
Dungeon (5/15)
 Temple: D:4-7

Altars:

Annotations:
D:4 exclusions: acid dragon and phantom, Blork the orc


Innate Abilities, Weirdness & Mutations

You cannot wear most types of armour.
You are amphibious.
You can wear up to eight rings at the same time.
Your skin changes colour to match your surroundings (Stealth+).
Your rubbery body absorbs attacks. (AC +1, EV +1)
((You are camouflaged when in or above water. (Stealth+)))
You have tentacles for arms and can constrict up to eight enemies at once.


Message History

The hound closely misses you. The hound bites you.
You hit the hound.
The hound looks even sicker.
You grab the hound.
Your tentacle-slap misses the hound.
Your squeeze misses the hound.
The hound is moderately wounded.
You constrict the hound. The hound barely misses you. The hound bites you.
You barely miss the hound.
The hound is moderately wounded.
You constrict the hound, but do no damage.
The hound bites you. The hound misses you.
The steam dragon hisses angrily.
You hit the hound.
The hound looks as sick as possible!
The hound is heavily wounded.
You constrict the hound. The steam dragon breathes steam at you.
The ball of steam hits you!!
Ouch! That really hurt!
* * * LOW HITPOINT WARNING * * *
The hound misses you.
It was a potion of haste.
You feel yourself speed up.
You are engulfed in a cloud of scalding steam.
* * * LOW HITPOINT WARNING * * *
You constrict the hound.
The hound is engulfed in a cloud of scalding steam.
The hound dies!
It was a potion of lignification.
You turn into a tree.
Your +0 hat melds into your body.
Your roots penetrate the ground.
It was a potion of flight.
Your roots keep you in place.
A scorpion comes into view.
It was a potion of cancellation.
Your magical effects are unravelling.
You feel magically purged.
You feel less wooden.
Your +0 hat unmelds from your body.
You feel yourself slow down.
It was a potion of ambrosia.
You are confused.
You feel invigorated. The steam dragon breathes steam at you.
The ball of steam hits you!
You die...

#####################
.....................
#. #.....#########
#†###.###.###### #
#.@...# #....).####
#§###.###.#........
..D #.....#..#.####
###. #######..#.# #
#. #..#.# ## #.
#....# #. #D
#.#..###. ..
#.#...... #.#.#####


You could see a steam dragon (catching breath).

Vanquished Creatures
  An ogre (D:5)
  3 hounds
  A gnoll bouda (D:4)
  3 gnolls (D:5)
  4 adders
  An ufetubus (D:2)
  4 worms
  2 dart slugs
  2 orcs
  5 endoplasms
  2 giant cockroaches
  4 goblins
  10 hobgoblins
  6 jackals
  6 quokkas
  5 ball pythons
  5 bats
  5 frilled lizards
  8 kobolds
  7 rats
84 creatures vanquished.

Vanquished Creatures (others)
  A hound (D:5)
1 creature vanquished.

Grand Total: 85 creatures vanquished

Notes
Turn   | Place    | Note
-------+----------+-------------------------------------------
     0 | D:1      | omnomnOMINOUS the Octopode Wanderer began the quest for the
                  | Orb.
     0 | D:1      | omnomnOMINOUS set off with the following items: a +0
                  | dagger, a potion of invisibility, a +0 hat; and the
                  | following spells available to memorise: Searing Ray, Shock,
                  | Sandblast, Stone Arrow, Iskenderun's Mystic Blast.
     0 | D:1      | Reached XP level 1. HP: 11/11 MP: 2/2
     0 | D:1      | Upgraded the game from 0.30-a0-1112-gfb780f5df6 to
                  | 0.30-a0-1114-gd936c97349
   188 | D:1      | Reached XP level 2. HP: 18/18 MP: 3/3
   702 | D:1      | Reached XP level 3. HP: 22/22 MP: 5/5
   707 | D:1      | Learned a level 3 spell: Stone Arrow
   761 | D:2      | Reached skill level 1 in Dodging
   830 | D:2      | Reached skill level 1 in Fighting
  1437 | D:2      | Reached XP level 4. HP: 5/28 MP: 6/6
  2370 | D:3      | Reached XP level 5. HP: 17/34 MP: 6/8
  3248 | D:4      | Noticed a phantom
  3436 | D:4      | Noticed Blork the orc
  3440 | D:4      | Noticed an acid dragon
  3677 | D:4      | Reached XP level 6. HP: 36/39 MP: 9/9
  3775 | D:5      | Entered Level 5 of the Dungeon
  4137 | D:5      | Noticed a steam dragon
  4217 | D:5      | HP: 1/41 [something] (7)]
  4221 | D:5      | Killed from afar by a steam dragon

Illustrated notes

Levels and vault maps discovered:
D:1:      dpeg_arrival_boxes_within_box, layout_basic
D:2:      layout_basic, minmay_misc_feat_four_crosses
D:3:      minmay_angry_zag, layout_loops_cross, grunt_decor_mini_mirrors
D:4:      layout_layer_cave, mainiacjoe_overflow_surrounded_room,
          kennysheep_generic_room_14, uniq_blork_the_orc
D:5:      layout_loops_ring, temple_doors_e

Skill      XL: |  1  2  3  4  5  6 |
---------------+-------------------+-----
Dodging        | 1 2 |  2.8
Earth Magic    | 2 3 4 |  4.2
Fighting       | 1 2 |  2.6
Spellcasting   | 2 |  2.7
Throwing       | |  2.0
Stealth        | |  1.3
Conjurations   | |  5.0

Action                     |  1- 3 |  4- 6 || total
---------------------------+-------+-------++-------
  Melee: Dagger            |    19 |       ||    19
         Constrict         |    27 |    28 ||    55
         Whip              |    34 |   106 ||   140
         Punch             |     1 |     1 ||     2
         Tentacles         |    19 |    26 ||    45
         Mace              |    48 |       ||    48
   Cast: Stone Arrow       |       |     3 ||     3
    Use: Potion            |       |     6 ||     6
   Stab: Sleeping          |    12 |     8 ||    20
         Invisible         |       |     1 ||     1
 Armour: Skin              |    10 |     4 ||    14
  Dodge: Dodged            |    80 |    63 ||   143

Table legend: (Time is in decaauts)
 A = Elapsed time spent in this place.
 B = Non-inter-level travel time spent in this place.
 C = Inter-level travel time spent in this place.
 D = Time resting spent in this place.
 E = Time spent auto-exploring this place.
 F = Levels seen in this place.
 G = Mean time per level.
                   A        B        C        D        E       F      G
               +--------+--------+--------+--------+--------+-----+--------+
         Total |   4249 |   4090 |    159 |    423 |   2899 |   5 |  849.8 |
       Dungeon |   4249 |   4090 |    159 |    423 |   2899 |   5 |  849.8 |
               +--------+--------+--------+--------+--------+-----+--------+

Top non-repeatable levels by time:
     D:4: 1083 daAuts
     D:3: 1030 daAuts
     D:2: 934 daAuts
     D:1: 755 daAuts
     D:5: 446 daAuts
